 Dungeon Crawl Stone Soup version 0.30-a0-359-gd0147acb1a (webtiles) character file.

Game seed: 653900799998840108

4 LnG the Caller (level 1, 0/10 HPs)
             Began as a Kobold Summoner on Nov 12, 2022.
             Slain by a kobold
             ... wielding a +0 short sword of speed
              (3 damage)
             ... on level 1 of the Dungeon.
             The game lasted 00:00:27 (259 turns).

LnG the Caller (Kobold Summoner)                     Turns: 259, Time: 00:00:27

Health: 0/10       AC:  2    Str:  5    XL:     1   Next: 66%
Magic:  1/3        EV: 15    Int: 16    God:
Gold:   8          SH:  0    Dex: 15    Spells: 3/4 levels left

rFire   . . .      SeeInvis .    (weapon restricted)
rCold   . . .      Faith    .    (no shield)
rNeg    . . .      Spirit   .    a - +0 robe
rPois   .          Reflect  .    (no helmet)
rElec   .          Harm     .    (no cloak)
rCorr   .          Rampage  .    (no gloves)
Will    .....                    (no boots)
Stlth   +++.......               (no amulet)
HPRegen 0.21/turn                (no ring)
MPRegen 0.08/turn                (no ring)

@: no status effects
A: small, no large weapons, nightstalker 3
a: no special abilities


You were on level 1 of the Dungeon.
You visited 1 branch of the dungeon, and saw 1 of its levels.

You collected 8 gold pieces.

Inventory:

Armour
 a - a +0 robe (worn)
Potions
 b - a potion of magic
 c - a potion of invisibility {unknown}
 d - a potion of attraction {unknown}


   Skills:
 * Level 2.5 Dodging
 * Level 2.7 Stealth
 + Level 2.2 Spellcasting
 + Level 4.1 Summonings


You had 3 spell levels left.
You knew the following spells:

 Your Spells              Type           Power      Damage    Failure   Level
a - Summon Small Mammal   Summ           60%        N/A       3%          1

Your spell library contained the following spells:

 Spells                   Type           Power      Damage    Failure   Level
 Call Imp                 Summ           15%        N/A       5%          2
 Call Canine Familiar     Summ           15%        N/A       11%         3
 Summon Guardian Golem    Hex/Summ       8%         N/A       26%         3
 Summon Lightning Spire   Summ/Air       8%         N/A       65%         4


Dungeon Overview and Level Annotations

Branches:
Dungeon (1/15)

Altars:


Innate Abilities, Weirdness & Mutations

You are small and have problems with some larger weapons.
You are completely attuned to the shadows.


Message History

You swap places.
A kobold comes into view.
It is wielding a +0 short sword of speed.
Casting: Summon Small Mammal (safe; 3% risk of failure)
Confirm with . or Enter, or press ? or * to list all spells.
The kobold shouts!
You swap places.
Your bat closely misses the kobold.
Your bat hits the kobold but does no damage.
Your bat hits the kobold. The kobold closely misses your bat.
You swap places.
Your bat disappears in a puff of smoke!
Your bat hits the kobold but does no damage.
The kobold barely misses your bat.
Your bat closely misses the kobold.
Casting: Summon Small Mammal (safe; 3% risk of failure)
Confirm with . or Enter, or press ? or * to list all spells.
Your bat hits the kobold but does no damage.
Your bat closely misses the kobold.
The kobold hits you but does no damage. The kobold misses you.
Your bat hits the kobold but does no damage.
You hit the kobold but do no damage.
The kobold is moderately wounded.
Your bat closely misses the kobold. x2
The kobold hits you with a +0 short sword of speed.
Your rat misses the kobold.
Your bat hits the kobold but does no damage.
You hit the kobold but do no damage.
The kobold is moderately wounded.
Your bat barely misses the kobold.
The kobold misses you.
Your rat misses the kobold. You barely miss the kobold.
The kobold is moderately wounded.
Your bat barely misses the kobold. x2
The kobold hits you with a +0 short sword of speed. x2
* * * LOW HITPOINT WARNING * * *
Your bat barely misses the kobold.
Your rat completely misses the kobold.
You hit the kobold but do no damage.
Your bat closely misses the kobold. x2
The kobold hits you but does no damage.
Your rat bites the kobold.
You swap places.
Your bat misses the kobold.
The kobold hits you with a +0 short sword of speed.
You die...

#.#.........# #.#
###.........# #####.#
#.........######.....#
########....##...#####
#....'..### #....####
#....# ####.# ####@#
#.bKr# ....#### ....
.... ....


You could see a kobold (ally target), a friendly bat (summoned) and a friendly
rat (summoned).

Vanquished Creatures (collateral kills)
  A dart slug (D:1)
  A hobgoblin (D:1)
2 creatures vanquished.

Notes
Turn   | Place    | Note
-------+----------+-------------------------------------------
     0 | D:1      | LnG the Kobold Summoner began the quest for the Orb.
     0 | D:1      | Reached XP level 1. HP: 10/10 MP: 3/3
   259 | D:1      | Slain by a kobold

Illustrated notes

Levels and vault maps discovered:
D:1:      dpeg_arrival_arbitrary_c, layout_basic

Action                   || total
-------------------------++-------
Melee: Unarmed           ||     6
       Punch             ||     1
 Cast: Summon Small Mamm ||     7
 Stab: Sleeping          ||     1
Armor: Robe              ||     4
Dodge: Dodged            ||     3

Table legend: (Time is in decaauts)
 A = Elapsed time spent in this place.
 B = Non-inter-level travel time spent in this place.
 C = Inter-level travel time spent in this place.
 D = Time resting spent in this place.
 E = Time spent auto-exploring this place.
 F = Levels seen in this place.
 G = Mean time per level.
                   A        B        C        D        E       F      G
               +--------+--------+--------+--------+--------+-----+--------+
         Total |    259 |    259 |      0 |      0 |    220 |   1 |  259.0 |
       Dungeon |    259 |    259 |      0 |      0 |    220 |   1 |  259.0 |
               +--------+--------+--------+--------+--------+-----+--------+

Top non-repeatable levels by time:
     D:1: 259 daAuts
